 Dungeon Crawl Stone Soup version 0.28-a0-1382-g92835e5c71 (webtiles) character file.

Game seed: 11578015087294445576

204082 swappor the Peltast (level 18, -28/249 HPs)
             Began as a Minotaur Berserker on Jan 2, 2022.
             Was a High Priest of Trog.
             Annihilated by a titanic slime creature (86 damage)
             ... on level 4 of the Swamp.
             The game lasted 02:28:38 (42179 turns).

swappor the Peltast (Minotaur Berserker)           Turns: 42179, Time: 02:28:39

Health: -28/249    AC: 26    Str: 32    XL:     18   Next: 0%
Magic:  17/17      EV: 12    Int: 13    God:    Trog [*****.]
Gold:   872        SH: 22    Dex: 11    Spells: 17/17 levels left

rFire   . . .      SeeInvis +   a - +5 demon blade
rCold   + . .      Faith    .   n - +2 tower shield
rNeg    . . .      Spirit   .   k - +3 plate armour {Will+}
rPois   +          Reflect  .   w - +1 hat
rElec   +          Harm     .   m - scarf {rC+ rF+}
rCorr   +          Rampage  .   l - +2 pair of gloves {hurl}
Will    ++...                   u - +0 pair of boots
Stlth   ..........              C - amulet of regeneration
HPRegen 1.31/turn               t - ring of Daops {rPois rF- Str+7 SInv}
MPRegen 0.15/turn               B - ring "Watryuphufua" {rElec rCorr Int+5}

@: berserking (expiring), slow
A: horns 2, retaliatory headbutt
}: 1/15 runes: gossamer
a: Renounce Religion, Berserk, Trog's Hand, Brothers in Arms


You were on level 4 of the Swamp.
You worshipped Trog.
Trog was extremely pleased with you.
You visited 5 branches of the dungeon, and saw 31 of its levels.
You also visited: Ice Cave and Volcano.

You collected 3820 gold pieces.
You spent 2948 gold pieces at shops.

Inventory:

Hand Weapons
 a - a +5 demon blade (weapon)
   (Trog gifted it to you on level 1 of the Orcish Mines)
 b - a +1 flail of protection
   (You took it off a gnoll on level 6 of the Dungeon)
Missiles
 A - a throwing net (quivered) {!d}
Armour
 k - a +3 plate armour of willpower (worn)
   (You bought it in a shop on level 10 of the Dungeon)
 l - a +2 pair of gloves of hurling (worn)
   (You took it off Nikola on level 2 of the Spider Nest)
 m - a scarf of resistance (worn)
   (You found it on level 5 of the Lair of Beasts)
 n - a +2 tower shield (worn)
   (You took it off Psyche on level 8 of the Dungeon)
 u - a +0 pair of boots (worn)
   (You found it on level 4 of the Lair of Beasts)
 w - a +1 hat (worn)
   (You took it off Gastronok on level 8 of the Dungeon)
Jewellery
 c - a ring of flight {+Fly, !d}
   (You bought it in a shop on level 10 of the Dungeon)
 t - the ring of Daops (left hand) {rPois rF- Str+7 SInv}
   (You bought it in a shop on level 10 of the Dungeon)

   [ring of poison resistance]

   Str:       It affects your strength (+7).
   rF:        It makes you vulnerable to fire.
   rPois:     It protects you from poison.
   SInv:      It lets you see invisible.
 B - the ring "Watryuphufua" (right hand) {rElec rCorr Int+5}
   (You acquired it on level 14 of the Dungeon)

   [ring of resist corrosion]

   Int:       It affects your intelligence (+5).
   rElec:     It insulates you from electricity.
   rCorr:     It protects you from acid and corrosion.
 C - an amulet of regeneration (around neck)
   (You found it on level 6 of the Lair of Beasts)
Wands
 d - a wand of digging (34)
   (You found it on level 5 of the Dungeon)
 e - a wand of charming (18)
   (You found it on level 3 of the Lair of Beasts)
 h - a wand of acid (15)
   (You took it off a meliai on level 2 of the Spider Nest)
 i - a wand of iceblast (20)
   (You found it on level 5 of the Lair of Beasts)
 j - a wand of polymorph (24)
   (You found it on level 4 of the Dungeon)
 p - a wand of paralysis (30)
   (You found it on level 4 of the Dungeon)
 q - a wand of flame (28)
   (You found it on level 7 of the Dungeon)
 y - a wand of mindburst (11)
   (You found it on level 2 of the Lair of Beasts)
Scrolls
 r - a scroll of identify {@r1}
 D - 4 scrolls of blinking {!r}
 E - a scroll of fear
 K - 2 scrolls of immolation {!r}
 O - 2 scrolls of silence
 Q - 6 scrolls of fog
 S - a scroll of summoning
 V - 7 scrolls of vulnerability {!r!r}
 W - a scroll of holy word {!r}
 X - 5 scrolls of magic mapping {@r4!r}
 Y - 6 scrolls of teleportation {@r3}
Potions
 f - 5 potions of might
 o - 10 potions of attraction {!q}
 x - 3 potions of cancellation
 G - 3 potions of ambrosia {!q}
 H - 3 potions of haste
 I - a potion of invisibility
 J - 7 potions of curing {@q1}
 L - 8 potions of flight
 N - 12 potions of heal wounds {@q2}
 P - 3 potions of lignification {!q}
 R - 2 potions of resistance
 T - 5 potions of berserk rage {!q}
Miscellaneous
 g - a tin of tremorstones (2/2)
   (You found it on level 4 of the Swamp)
 v - a lightning rod (4/4)
   (You found it on level 12 of the Dungeon)
 z - a box of beasts
   (You found it on level 3 of the Lair of Beasts)


   Skills:
 + Level 15.6 Fighting
 - Level 16.0 Long Blades
 - Level 3.9 Axes
 + Level 15.4 Armour
 + Level 14.3 Dodging
 * Level 20.3 Shields
 * Level 11.9 Evocations


You had 17 spell levels left.
You didn't know any spells.
Your spell library was empty.

Dungeon Overview and Level Annotations

Branches:
Dungeon (15/15)            Temple (0/1) D:6            Lair (6/6) D:8
  Swamp (4/4) Lair:2       Spider (4/4) Lair:3        Slime (0/5) Lair:5
    Orc (2/2) D:12            Elf (0/3) Orc:2        Vaults (0/5) D:14
 Depths (0/4) D:15          IceCv (visited)         Volcano (visited)

Altars:
Ashenzari
Fedhas
Kikubaaqudgha
Okawaru
Qazlal
Sif Muna
Trog
Uskayaw
Wu Jian
Xom
Zin
Beogh
Jiyva

Shops:
D:1 (   D:7 [   D:10 *=([(   Orc:1 (   Orc:2 *!*:


Innate Abilities, Weirdness & Mutations

You have a pair of horns on your head.
You reflexively headbutt those who attack you in melee.


Message History

You resist.
Health restored: 166 You enter the shallow water.
Moving in this stuff is going to be slow.
The green death gestures at you. You block the poison arrow.
A slime creature comes into view.
The slime creature quivers.
The slime creature moves out of view.
A slime creature comes into view.
The slime creature quivers.
The slime creature jiggles.
The slime creature hits you.
You take 3 damage, and have 163/166 hp.
You hit the slime creature. You block the slime creature's attack.
You hit the slime creature. You headbutt the slime creature!!
Two slime creatures merge to form a large slime creature.
A slime creature comes into view.
The slime creature quivers.
You slash the large slime creature!
Your unstable footing causes you to fumble your attack.
Health restored: 166 Your unstable footing causes you to fumble your attack.
The large slime creature hits you!
You take 7 damage, and have 159/166 hp.
You completely miss the large slime creature.
You headbutt the large slime creature.
Two slime creatures merge to form a very large slime creature.
Your unstable footing causes you to fumble your attack.
You slice the very large slime creature!!
The very large slime creature hits you!
You take 6 damage, and have 154/166 hp.
Your unstable footing causes you to fumble your attack.
The very large slime creature hits you.
You take 5 damage, and have 149/166 hp.
Your unstable footing causes you to fumble your attack.
You slice the very large slime creature!!
You headbutt the very large slime creature.
The very large slime creature hits you.
You take 4 damage, and have 146/166 hp.
You slash the very large slime creature!
You headbutt the very large slime creature!
A slime creature comes into view. x2
You block the very large slime creature's attack.
Your unstable footing causes you to fumble your attack.
The slime creature quivers.
You slash the very large slime creature!
A slime creature comes into view.
Two slime creatures merge to form an enormous slime creature.
Your unstable footing causes you to fumble your attack.
The slime creature quivers.
You hit the enormous slime creature.
You headbutt the enormous slime creature.
Two slime creatures merge to form a titanic slime creature.
You open the titanic slime creature like a pillowcase!!!
You hear a screech!
You slash the titanic slime creature! You slash the titanic slime creature!
You headbutt the titanic slime creature.
A red film seems to cover your vision as you go berserk!
You feel yourself moving faster!
You feel mighty!
You block the titanic slime creature's attack.
An orange demon comes into view.
You now have 230/249 hp.
Your unstable footing causes you to fumble your attack.
You block the titanic slime creature's attack.
You barely miss the titanic slime creature.
Your unstable footing causes you to fumble your attack.
The titanic slime creature hits you!!!
You hear a deafening roar!
You take 60 damage, and have 171/249 hp.
MASSIVE DAMAGE!!
Your unstable footing causes you to fumble your attack.
Your unstable footing causes you to fumble your attack.
The orange demon stings you but does no damage.
The titanic slime creature misses you.
Your unstable footing causes you to fumble your attack.
Your unstable footing causes you to fumble your attack.
The orange demon splashes around in the water.
You block the titanic slime creature's attack.
Your unstable footing causes you to fumble your attack.
Your unstable footing causes you to fumble your attack.
The orange demon stings you but does no damage.
You block the titanic slime creature's attack.
You hit the titanic slime creature. You slash the titanic slime creature!
Your headbutt misses the titanic slime creature.
You block the orange demon's attack. The titanic slime creature hits you!!!!
You take 83 damage, and have 93/249 hp.
MASSIVE DAMAGE!!
Your unstable footing causes you to fumble your attack.
You barely miss the titanic slime creature.
You headbutt the titanic slime creature!!
You slice the titanic slime creature!! You block the orange demon's attack.
The titanic slime creature hits you!!!
* * * LOW HITPOINT WARNING * * *
You take 37 damage, and have 57/249 hp.
Your unstable footing causes you to fumble your attack.
You slice the titanic slime creature!! You block the orange demon's attack.
The titanic slime creature hits you!!!!
You die...

♣.≈≈#.#.≈≈#≈#...#≈
#≈≈≈##≈≈≈#.≈.#≈#§§≈
#≈.≈≈≈≈≈(..≈≈≈.≈≈..
♣≈#≈#≈#≈≈†≈.≈#≈♣≈.
♣..#≈#≈##≈..#≈♣≈#≈.
#≈≈≈≈≈≈.§#≈≈≈≈≈≈≈≈
#≈.≈##≈≈.≈≈≈≈.#.≈≈
♣≈≈##.#≈≈#≈≈##.# ≈
♣.≈#...#≈2#@# ..#
♣♣≈##.##≈≈#J# ##
≈.###≈≈#.J4
≈≈..≈#≈≈.
♣..≈≈≈.≈.≈≈ #####
♣♣###♣


You could see a titanic slime creature, a slime creature and an orange demon.

Vanquished Creatures
  Nikola (Spider:2)
  Arachne (Spider:2)
  Rupert (D:15)
  Gastronok (D:8)
  A thorn hunter (Swamp:2)
  Donald (Orc:2)
  Kirke (Lair:6)
  Roxanne (D:15)
  Aizul (Spider:4)
  3 emperor scorpions
  An orc warlord (Orc:1)
  Louise (Spider:3)
  3 ghost moths (Spider:4)
  4 broodmothers
  6 eleionomae
  Azrael (Spider:3)
  4 entropy weavers
  2 bunyips
  A red draconian (Volcano)
  The ghost of Omnamae the Cleaver, a journeyman MiBe of Trog (Lair:3)
  4 spark wasps
  An ettin (Orc:1)
  A shambling mangrove (Swamp:3)
  4 vault guards (D:14)
  Fannar (Lair:2)
  10 hydras
  A jorogumo (Spider:4)
  Harold (D:7)
  2 radroaches
  4 boulder beetles
  2 ghost crabs
  3 catoblepae (Lair:6)
  4 centaur warriors
  An ogre mage (D:14)
  4 alligators
  3 two-headed ogres
  6 death yaks (Lair:6)
  A thrashing horror (Swamp:4)
  3 orc high priests (Orc:2)
  A deep elf knight (D:14)
  Nergalle (Lair:2)
  3 pharaoh ants
  4 goliath frogs
  A sun moth (Spider:4)
  15 orb spiders
  2 spriggan druids (Swamp:4)
  2 steelbarb worms
  8 swamp dragons
  11 bog bodies
  A wizard (D:11)
  2 deep elf pyromancers (D:15)
  A necromancer (D:15)
  A deep elf zephyrmancer (D:15)
  A lindwurm (Lair:5)
  9 orc knights
  2 manticores (Lair:6)
  7 orc sorcerers
  An oklob plant (Swamp:2)
  5 cyclopes
  4 ugly things
  12 slime creatures
  22 wolf spiders
  2 moths of wrath
  5 will-o-the-wisps
  5 elephants
  4 black mambas
  3 orange demons (Swamp:4)
  4 torpor snails
  Maggie (D:6)
  2 centaur skeletons (D:15)
  2 gargoyles
  3 cane toads
  2 molten gargoyles (Volcano)
  Psyche (D:8)
  A kobold demonologist (D:11)
  2 yaktaurs
  An unseen horror (D:10)
  14 demonic crawlers
  2 rime drakes
  3 komodo dragons
  An efreet (D:15)
  2 anaconda simulacra (IceCv)
  3 freezing wraiths
  13 ice devils (IceCv)
  2 tengu conjurers
  An entropy weaver simulacrum (IceCv)
  12 meliai
  27 tarantellas
  3 trolls
  19 hornets
  8 tyrant leeches
  7 dream sheep (Lair:6)
  14 blink frogs
  23 culicivoras
  A large abomination (Swamp:4)
  25 jumping spiders
  3 shadows
  11 spriggans
  A water elemental (D:12)
  4 wyverns
  60 yaks
  5 hogs (Lair:6)
  2 fire bats (Volcano)
  6 basilisks (Lair:3)
  A fire elemental (Spider:2)
  A dire elephant simulacrum (IceCv)
  4 death yak simulacra (IceCv)
  Grum (D:8)
  43 redbacks
  2 steam dragons
  8 vampire mosquitoes
  6 wargs
  13 swamp worms
  8 water moccasins
  5 acid dragons
  6 hell hounds
  2 black bears
  21 orc warriors
  Duvessa (D:7)
  A necrophage (D:5)
  A sky beast (D:6)
  2 swamp drakes
  7 ogres
  20 wolves
  A boggart (D:11)
  4 centaurs
  2 kobold brigands
  11 bullfrogs
  4 cane toad simulacra (IceCv)
  2 gnoll sergeants
  2 wyvern zombies (D:8)
  A scorpion (D:5)
  A water moccasin zombie (D:7)
  Dowan (D:7)
  2 elephant simulacra (IceCv)
  A water moccasin skeleton (D:4)
  12 killer bees
  4 wights
  4 howler monkeys
  7 electric eels
  3 bullfrog zombies
  4 centaur zombies
  4 lava snakes (Volcano)
  3 hounds
  20 orc priests
  2 bullfrog skeletons
  A jelly (D:7)
  A scorpion zombie (D:5)
  3 iguanas
  15 orc wizards
  3 polar bear simulacra (IceCv)
  3 spriggan simulacra (IceCv)
  5 wolf simulacra (IceCv)
  A killer bee zombie (D:8)
  9 gnolls
  4 river rats
  10 adders
  14 white imps
  An ufetubus (IceCv)
  2 worms
  3 dart slugs
  61 orcs
  7 endoplasms
  5 giant cockroaches
  11 goblins
  9 hobgoblins
  4 quokkas
  8 ball pythons
  3 bats
  4 frilled lizards
  21 kobolds
  9 rats
983 creatures vanquished.

Vanquished Creatures (collateral kills)
  3 spriggans (Swamp:4)
  A swamp dragon (Swamp:4)
  A necromancer (IceCv)
  2 ugly things (IceCv)
  An ice statue (IceCv)
  2 ice devils (IceCv)
  2 hornets (Swamp:4)
  A bullfrog (Lair:2)
  2 polar bear simulacra (IceCv)
15 creatures vanquished.

Vanquished Creatures (others)
  A centaur warrior (D:13)
  A hornet (Swamp:1)
  A spriggan (Swamp:1)
  A redback (Spider:4)
  15 foxfires
  30 fungi
  135 plants
184 creatures vanquished.

Grand Total: 1182 creatures vanquished

Notes
Turn   | Place    | Note
-------+----------+-------------------------------------------
     0 | D:1      | swappor the Minotaur Berserker began the quest for the Orb.
     0 | D:1      | Reached XP level 1. HP: 19/19 MP: 0/0
   205 | D:1      | Reached XP level 2. HP: 23/27 MP: 1/1
   276 | D:1      | Found Udycvyga's Weapon Emporium.
   608 | D:1      | Reached skill level 4 in Fighting
   609 | D:1      | Reached skill level 1 in Long Blades
   616 | D:1      | Reached ** piety under Trog
   646 | D:1      | Reached XP level 3. HP: 29/33 MP: 2/2
   942 | D:2      | Reached skill level 3 in Armour
   956 | D:2      | Found a faded altar of an unknown god.
  1072 | D:2      | Reached skill level 2 in Long Blades
  1096 | D:2      | Found an ornate altar of the Wu Jian Council.
  1167 | D:2      | Reached XP level 4. HP: 40/40 MP: 3/3
  1251 | D:2      | You fall into a shaft and drop 2 floors!
  1268 | D:4      | Reached skill level 3 in Dodging
  1537 | D:3      | Reached skill level 3 in Long Blades
  2066 | D:3      | Reached XP level 5. HP: 47/47 MP: 4/4
  2166 | D:3      | Found a hide-covered altar of Uskayaw.
  2205 | D:3      | Found a bloodstained altar of Trog.
  2284 | D:3      | Reached *** piety under Trog
  2447 | D:3      | Noticed a black bear
  2452 | D:3      | Killed a black bear
  2453 | D:3      | Reached skill level 4 in Long Blades
  2453 | D:3      | Reached skill level 4 in Armour
  2622 | D:3      | Reached XP level 6. HP: 55/55 MP: 5/5
  2982 | D:4      | Reached skill level 5 in Fighting
  3323 | D:4      | Reached skill level 4 in Dodging
  3554 | D:4      | Found a broken altar of Ashenzari.
  3557 | D:4      | Found a stormy altar of Qazlal.
  3557 | D:4      | Found a blossoming altar of Fedhas.
  3557 | D:4      | Found an iron altar of Okawaru.
  3563 | D:4      | Found a shimmering blue altar of Sif Muna.
  3564 | D:4      | Found an ancient bone altar of Kikubaaqudgha.
  3564 | D:4      | Found a glowing silver altar of Zin.
  3738 | D:5      | Entered Level 5 of the Dungeon
  4112 | D:5      | Reached skill level 5 in Long Blades
  4112 | D:5      | Reached skill level 1 in Shields
  4112 | D:5      | Reached XP level 7. HP: 43/61 MP: 6/6
  4148 | D:5      | Reached skill level 1 in Evocations
  4742 | D:6      | Reached skill level 2 in Shields
  4840 | D:6      | Noticed a cyclops
  4854 | D:6      | Killed a cyclops
  4855 | D:6      | Reached skill level 6 in Long Blades
  4855 | D:6      | Reached skill level 5 in Armour
  4855 | D:6      | Reached skill level 3 in Shields
  4855 | D:6      | Reached skill level 2 in Evocations
  4855 | D:6      | Reached XP level 8. HP: 70/70 MP: 7/7
  4993 | D:6      | Reached skill level 6 in Fighting
  4993 | D:6      | Reached skill level 3 in Evocations
  5124 | D:6      | Reached skill level 4 in Shields
  5179 | D:5      | Reached skill level 5 in Dodging
  5524 | D:6      | HP: 10/70 [something/magic dart (9)]
  5810 | D:6      | Found a shimmering altar of Xom.
  5828 | D:6      | Reached skill level 7 in Long Blades
  5925 | D:6      | Reached skill level 5 in Shields
  6086 | D:6      | Reached XP level 9. HP: 70/78 MP: 8/8
  6135 | D:6      | Reached **** piety under Trog
  6221 | D:6      | Noticed Maggie
  6229 | D:6      | Found a staircase to the Ecumenical Temple.
  6401 | D:6      | Killed Maggie
  6402 | D:6      | Reached skill level 4 in Evocations
  6780 | D:7      | Reached skill level 6 in Armour
  6987 | D:7      | Found Beogh's Armour Shop.
  7156 | D:7      | Noticed Duvessa
  7165 | D:7      | Noticed Dowan
  7172 | D:7      | Killed Duvessa
  7173 | D:7      | Killed Dowan
  7295 | D:7      | Reached skill level 6 in Shields
  7645 | D:7      | Noticed Harold
  7739 | D:7      | Killed Harold
  7740 | D:7      | Reached skill level 7 in Fighting
  7740 | D:7      | Reached skill level 8 in Long Blades
  7740 | D:7      | Reached skill level 5 in Evocations
  8228 | D:7      | Reached skill level 6 in Dodging
  8581 | D:8      | Noticed Psyche
  8782 | D:8      | Noticed Grum
  8855 | D:7      | Reached skill level 7 in Shields
  8855 | D:7      | Reached XP level 10. HP: 23/86 MP: 2/9
  9222 | D:8      | Killed Grum
  9333 | D:8      | Killed Psyche
  9593 | D:8      | Reached skill level 9 in Long Blades
  9719 | D:8      | Noticed Gastronok
  9766 | D:8      | Killed Gastronok
  9767 | D:8      | Reached skill level 7 in Armour
  9767 | D:8      | Reached skill level 6 in Evocations
 10148 | D:8      | Reached skill level 8 in Shields
 10202 | D:8      | Found a staircase to the Lair.
 11094 | D:9      | Noticed a two-headed ogre
 11857 | D:9      | Killed a two-headed ogre
 11858 | D:9      | Reached skill level 8 in Fighting
 11858 | D:9      | Reached skill level 7 in Dodging
 12026 | D:9      | Reached skill level 10 in Long Blades
 12539 | D:10     | Entered Level 10 of the Dungeon
 13280 | D:10     | Reached XP level 11. HP: 36/94 MP: 6/10
 13590 | D:10     | Found Vifodabo's Jewellery Shoppe.
 13880 | D:10     | Found Zergh's Assorted Antiques.
 14148 | D:10     | Found Uruycwu's Armour Shoppe.
 14284 | D:10     | Found Toafirydd's Antique Weapon Shop.
 14398 | D:10     | Reached skill level 9 in Shields
 14527 | D:10     | Found Bic Hosm's Antique Weapon Emporium.
 14778 | D:1      | Bought a +3 double sword of draining for 572 gold pieces
 15053 | Lair:1   | Entered Level 1 of the Lair of Beasts
 15053 | Lair:1   | Noticed a seven-headed hydra
 15063 | D:8      | Killed a seven-headed hydra
 15064 | D:8      | Reached skill level 7 in Evocations
 15472 | Lair:1   | Reached skill level 8 in Armour
 15630 | Lair:1   | Noticed a six-headed hydra
 15657 | Lair:1   | Killed a six-headed hydra
 15977 | D:8      | Reached skill level 11 in Long Blades
 16379 | Lair:2   | Noticed Nergalle
 16388 | Lair:2   | Killed Nergalle
 16389 | Lair:2   | Reached skill level 10 in Shields
 16669 | Lair:2   | Reached skill level 9 in Fighting
 16819 | Lair:2   | Noticed Fannar
 16828 | Lair:2   | Killed Fannar
 16829 | Lair:2   | Reached XP level 12. HP: 104/104 MP: 11/11
 17006 | Lair:2   | Found a staircase to the Swamp.
 17020 | Lair:2   | Reached skill level 8 in Dodging
 17020 | Lair:2   | Reached skill level 8 in Evocations
 17328 | Lair:3   | Found a transporter.
 17493 | Lair:3   | Noticed Omnamae's ghost (journeyman MiBe)
 17498 | Lair:3   | Found a transporter.
 17824 | Lair:3   | Reached skill level 9 in Armour
 17922 | Lair:3   | Reached skill level 12 in Long Blades
 18081 | Lair:3   | Found a hole to the Spider Nest.
 18323 | Lair:3   | Killed Omnamae's ghost
 18324 | Lair:3   | Reached skill level 11 in Shields
 18505 | Lair:4   | Noticed a four-headed hydra
 18529 | Lair:4   | Killed a four-headed hydra
 18696 | Lair:4   | Noticed a seven-headed hydra
 18715 | Lair:4   | Killed a seven-headed hydra
 18780 | Lair:4   | You fall into a shaft and drop 1 floor!
 19937 | Lair:5   | Noticed a boulder beetle
 19949 | Lair:5   | Killed a boulder beetle
 19950 | Lair:5   | Reached skill level 10 in Fighting
 19950 | Lair:5   | Reached skill level 9 in Dodging
 20200 | Lair:5   | Noticed a five-headed hydra
 20214 | Lair:5   | Killed a five-headed hydra
 20215 | Lair:5   | Reached skill level 13 in Long Blades
 20215 | Lair:5   | Reached skill level 12 in Shields
 20735 | Lair:4   | Reached XP level 13. HP: 101/113 MP: 12/12
 20754 | Lair:5   | Reached skill level 10 in Armour
 20907 | Lair:5   | Found a viscous altar of Jiyva.
 20907 | Lair:5   | Found a staircase to the Slime Pits.
 21659 | Lair:6   | Entered Level 6 of the Lair of Beasts
 21827 | Lair:6   | Noticed Kirke
 21850 | Lair:6   | Killed Kirke
 22112 | Lair:6   | Reached skill level 13 in Shields
 22126 | Lair:6   | Reached ***** piety under Trog
 22134 | Lair:6   | Reached skill level 14 in Long Blades
 22372 | Lair:5   | Reached skill level 11 in Fighting
 22470 | Lair:6   | Reached skill level 10 in Dodging
 23858 | D:11     | Reached skill level 11 in Armour
 24066 | D:11     | Reached skill level 14 in Shields
 24116 | D:11     | Reached XP level 14. HP: 93/124 MP: 13/13
 24501 | D:10     | Bought the ring of Daops {rPois rF- Str+7 SInv} for 544
                  | gold pieces
 24551 | D:12     | Received a gift from Trog
 24809 | D:12     | Reached skill level 15 in Long Blades
 25317 | D:12     | Found a staircase to the Orcish Mines.
 25445 | Orc:1    | Entered Level 1 of the Orcish Mines
 25446 | Orc:1    | Found Ymilalub's Weapon Shoppe.
 25484 | Orc:1    | Noticed an orc warlord
 25522 | Orc:1    | Killed an orc warlord
 25595 | Orc:1    | Found a dark tunnel.
 25601 | Volcano  | Entered a volcano
 25908 | Volcano  | Found a radiant altar of Vehumet.
 26340 | Orc:1    | HP: 29/125 [orc warrior[an orc knight] (13)]
 26469 | Orc:1    | Received a gift from Trog
 26756 | Orc:1    | Identified a scroll of acquirement
 26756 | Orc:1    | Acquired the ring of Givy {rC- rN+ rCorr Stlth+}
 26862 | D:10     | Bought a +2 plate armour of willpower for 400 gold pieces
 26975 | Orc:2    | Entered Level 2 of the Orcish Mines
 27095 | Orc:2    | Found a staircase to the Elven Halls.
 27202 | Orc:2    | Reached skill level 12 in Fighting
 27496 | Orc:2    | Noticed Donald
 27521 | Orc:2    | Killed Donald
 27529 | Orc:2    | Reached skill level 15 in Shields
 27639 | Orc:2    | Reached skill level 11 in Dodging
 27669 | Orc:2    | HP: 30/126 [orc knight (22)]
 27885 | Orc:2    | HP: 31/126 [barbs]
 27988 | Orc:2    | Reached skill level 16 in Long Blades
 28062 | Orc:2    | Found Pyidyre's Book Shop.
 28062 | Orc:2    | Found Liaj's Assorted Antiques.
 28065 | Orc:2    | Reached skill level 12 in Armour
 28065 | Orc:2    | Found Womoyll's Distillery.
 28065 | Orc:2    | Found Qyammos's Assorted Antiques.
 28074 | Orc:2    | Bought a scroll labelled KENUCUE XOIM for 31 gold pieces
 28077 | Orc:2    | Bought a potion of attraction for 45 gold pieces
 28077 | Orc:2    | Bought a potion of lignification for 45 gold pieces
 28077 | Orc:2    | Bought a potion of lignification for 45 gold pieces
 28077 | Orc:2    | Bought a potion of heal wounds for 75 gold pieces
 28077 | Orc:2    | Bought a potion of ambrosia for 120 gold pieces
 28078 | Orc:2    | Bought a potion of heal wounds for 135 gold pieces
 28078 | Orc:2    | Bought a scroll of teleportation for 81 gold pieces
 28078 | Orc:2    | Bought a scroll of enchant armour for 202 gold pieces
 28078 | Orc:2    | Bought 2 puce potions for 48 gold pieces
 28301 | Spider:1 | Entered Level 1 of the Spider Nest
 29137 | Spider:1 | Reached XP level 15. HP: 134/134 MP: 14/14
 29257 | Lair:3   | HP: 47/201 [demonic crawler (6)]
 29413 | Spider:1 | Noticed an emperor scorpion
 29446 | Spider:1 | Killed an emperor scorpion
 29447 | Spider:1 | Reached skill level 16 in Shields
 29781 | Spider:1 | HP: 50/201 [poisoned by a redback]
 29783 | Spider:1 | HP: 24/201 [poisoned by a redback]
 29788 | Lair:3   | HP: 8/134 [poisoned by a redback]
 29793 | Lair:3   | HP: 6/134 [poisoned by a redback]
 30359 | Spider:1 | HP: 32/131 [wolf spider (13)]
 30522 | Lair:3   | Reached skill level 13 in Fighting
 30665 | Spider:1 | Received a gift from Trog
 30934 | Spider:2 | Reached skill level 12 in Dodging
 31049 | Spider:2 | Reached skill level 13 in Armour
 31196 | Spider:2 | Reached skill level 17 in Shields
 31311 | Spider:2 | HP: 28/136 [wolf spider (14)]
 31316 | Spider:1 | HP: 15/136 [wolf spider (10)]
 31317 | Spider:1 | HP: 3/136 [wolf spider (12)]
 32245 | Spider:3 | Noticed Louise
 32260 | Spider:3 | Killed Louise
 32331 | Spider:3 | Noticed Nikola
 32336 | Spider:3 | Noticed Azrael
 32346 | Spider:2 | Killed Nikola
 32472 | Spider:3 | Killed Azrael
 32767 | Spider:3 | Received a gift from Trog
 32885 | Spider:3 | Noticed Arachne
 32935 | Spider:2 | HP: 30/137 [Arachne (10)]
 32936 | Spider:2 | HP: 13/137 [Arachne (9)]
 33038 | Spider:2 | Killed Arachne
 33039 | Spider:2 | Reached XP level 16. HP: 133/145 MP: 15/15
 33299 | Spider:4 | Entered Level 4 of the Spider Nest
 33317 | Spider:3 | HP: 36/145 [poisoned by a wolf spider]
 33322 | Spider:3 | HP: 35/145 [poisoned by a wolf spider]
 33693 | Spider:4 | Noticed Aizul
 33907 | Spider:4 | Reached skill level 14 in Fighting
 33944 | Spider:4 | Killed Aizul
 34127 | Spider:3 | Reached skill level 18 in Shields
 34334 | Spider:4 | Reached skill level 9 in Evocations
 34800 | Spider:4 | Reached skill level 14 in Armour
 35037 | Spider:4 | Reached skill level 13 in Dodging
 35329 | Spider:4 | Received a gift from Trog
 35540 | Spider:4 | Got a gossamer rune of Zot
 35914 | D:13     | Found a frozen archway.
 35951 | IceCv    | Entered an ice cave
 36231 | IceCv    | Identified the +8 hand axe "Deagril" {vorpal, +Blink}
 36249 | IceCv    | Found an ancient bone altar of Kikubaaqudgha.
 36557 | IceCv    | Reached skill level 10 in Evocations
 36831 | D:13     | Identified the +2 robe of Orreu {SInv}
 37202 | D:14     | Received a gift from Trog
 37203 | D:14     | Reached skill level 19 in Shields
 37246 | D:14     | Acquired the ring "Watryuphufua" {rElec rCorr Int+5}
 37514 | D:14     | Found a gate to the Vaults.
 37526 | D:14     | Reached XP level 17. HP: 88/154 MP: 16/16
 38033 | D:15     | Entered Level 15 of the Dungeon
 38118 | D:15     | Noticed Rupert
 38128 | D:15     | Killed Rupert
 38429 | D:15     | Noticed Roxanne
 38443 | D:15     | HP: 55/226 [Roxanne/crystal spear (21)]
 38453 | D:15     | Killed Roxanne
 38709 | D:15     | Found a staircase to the Depths.
 38888 | D:10     | Bought a ring of flight for 245 gold pieces
 38927 | D:10     | Bought a scroll of blinking for 180 gold pieces
 38927 | D:10     | Bought a scroll of blinking for 180 gold pieces
 39038 | Swamp:1  | Entered Level 1 of the Swamp
 39057 | Swamp:1  | Reached skill level 15 in Fighting
 39743 | Swamp:2  | Reached skill level 11 in Evocations
 39831 | Swamp:2  | Received a gift from Trog
 40049 | Swamp:2  | Reached skill level 15 in Armour
 40603 | Swamp:3  | Reached skill level 14 in Dodging
 41240 | Swamp:3  | Reached skill level 20 in Shields
 41375 | Swamp:4  | Entered Level 4 of the Swamp
 41547 | Swamp:4  | Received a gift from Trog
 41589 | Swamp:4  | Reached ****** piety under Trog
 42128 | Swamp:4  | Reached XP level 18. HP: 153/166 MP: 17/17
 42177 | Swamp:4  | HP: 57/249 [titanic slime creature (38)]
 42179 | Swamp:4  | Annihilated by a titanic slime creature

Illustrated notes

Levels and vault maps discovered:
D:1:      dpeg_arrival_connections, layout_rooms, serial_shops, shop,
          st_stairs_3
D:2:      layout_loops_ring, basic_altar, shapermc_ecumenical_altar_rom_forum
D:3:      layout_basic, bloody_trog, mainiacjoe_overflow_surrounded_room,
          serial_bayou_crossing
D:4:      layout_basic, grunt_temple_overflow_open
D:5:      layout_loops_ring, minivault_1
D:6:      wad_woods_stonehenge, layout_basic, minmay_temple_entry_glass,
          minmay_chambers_of_fives, uniq_maggie
D:7:      layout_loops_corners, serial_shops, shop_fountains,
          grunt_decor_clamped, minivault_14, dk_rats_in_the_wall, uniq_harold,
          uniq_duvessa
D:8:      layout_basic, lair_entry_dummy, nicolae_elevator_lobby_plus,
          uniq_grum, uniq_psyche, uniq_gastronok
D:9:      corexii_shack_village, layout_long_grid
D:10:     layout_gridville, serial_shops, kennysheep_little_box,
          nicolae_shop_crystal, nicolae_shop_stone, shop,
          nicolae_lakefront_shop, eino_tiny_chamber
D:11:     minmay_chambers_of_sixes, layout_cave_pools
D:12:     kennysheep_funnel, layout_basic, minmay_orc_entry_temple_small,
          serial_bayou_lake_a
D:13:     layout_rooms, portal_ice_cave_entry_imps
D:14:     layout_basic, grunt_vaults_entry_fortified, serial_park_square1
          [serial_park_minivault_5x5_2]
D:15:     grunt_enter_depths_magical_seal, layout_rooms, hangedman_decor_push,
          evilmike_minifort, uniq_roxanne, uniq_rupert
Lair:1:   layout_big_grid, serial_bayou_shore_a, grunt_megastairs_5
Lair:2:   layout_regular_city, skrybe_swamp_entry_bodies, serial_bayou_shore_b,
          infiniplex_staircase_pool, uniq_nergalle, uniq_fannar
Lair:3:   layout_chaotic_city, spider_nest_entry_webs, gammafunk_ghost_arena,
          kennysheep_basilisk_garden, grunt_megastairs_2
Lair:4:   layout_regular_city, chequers_serial_rivers_large_a,
          nicolae_quartered_pool_impasse
Lair:5:   layout_regular_city, dpeg_slime_entry_enclosed_altar
Lair:6:   evilmike_catoblepas_cave, layout_regular_city, guppyfry_lair_drakes,
          uniq_kirke
Swamp:1:  layout_basic_swamp, nicolae_swamp_little_swirl,
          infiniplex_staircase_pool_2
Swamp:2:  layout_basic_swamp, nicolae_swamp_trees_clearing,
          nicolae_swamp_oklob_treasure_island
Swamp:3:  nicolae_swamp_wrong_neighborhood, layout_basic_swamp,
          nicolae_swamp_tree_isthmus
Swamp:4:  swamp_vile, layout_basic_swamp, swamp_pool2
Spider:1: layout_spider_delve, worms_lemuel
Spider:2: layout_cave_pods, drop_trap
Spider:3: layout_cave_pods, nicolae_spider_cling_halls, uniq_arachne,
          uniq_nikola, uniq_azrael, uniq_louise
Spider:4: spider_rune_water, hangedman_spider_tarantella_strand, uniq_aizul
Orc:1:    layout_caves, serial_shops, nicolae_shop_competitors_out_of_business,
          enter_volcano_3
Orc:2:    grunt_orc_tribal_feast, layout_diamond_mine, basic_altar, uniq_donald

Skill      XL: |  1  2  3  4  5  6  7  8  9 10 11 12 13 14 15 16 17 |
---------------+----------------------------------------------------+-----
Fighting       | 4 5 6 7 8 9 10 11 12 13 14 15 | 15.6
Long Blades    | 1 2 3 4 5 6 7 8 10 11 13 14 16 | 16.0
Armour         | 3 4 5 6 7 8 9 11 12 13 14 15 | 15.4
Dodging        | 3 4 5 6 7 9 10 11 12 13 14 | 14.3
Shields        | 1 3 5 7 8 10 12 14 15 17 19 20 | 20.3
Evocations     | 2 3 5 6 7 8 10 11 | 11.9
Axes           | |  3.9

Action                   |  1- 3 |  4- 6 |  7- 9 | 10-12 | 13-15 | 16-18 || total
-------------------------+-------+-------+-------+-------+-------+-------++-------
Melee: Hand axe          |    65 |   124 |   236 |       |       |       ||   425
       Headbutt          |    17 |    32 |    80 |   158 |   373 |   389 ||  1049
       Long sword        |       |       |    65 |   255 |       |       ||   320
       Double sword      |       |       |       |   287 |   532 |       ||   819
       Flail             |       |       |       |    33 |    18 |    21 ||    72
       Demon blade       |       |       |       |       |   920 |  1462 ||  2382
Throw: Throwing net      |       |       |       |       |       |     1 ||     1
Invok: Berserk           |       |     2 |    11 |    13 |    27 |    10 ||    63
       Trog's Hand       |       |       |     1 |     3 |     4 |     2 ||    10
       Brothers in Arms  |       |       |       |       |     2 |     2 ||     4
Evoke: Condenser vane    |       |       |     1 |       |       |       ||     1
       Wand              |       |       |       |    15 |     1 |       ||    16
  Use: Scroll            |       |     1 |     1 |    24 |    10 |     7 ||    43
       Potion            |       |       |     1 |       |     7 |     2 ||    10
 Stab: Sleeping          |     2 |       |       |       |       |       ||     2
       Held in net/web   |       |       |       |       |       |     1 ||     1
Armor: Animal skin       |     7 |       |       |       |       |       ||     7
       Chain mail        |    12 |    63 |   123 |    62 |       |       ||   260
       Plate armour      |       |       |       |   318 |   662 |   564 ||  1544
Dodge: Dodged            |    21 |    43 |    84 |   161 |   424 |   411 ||  1144
       Repelled          |       |     2 |     2 |     2 |       |       ||     6
Block: Kite shield       |       |    20 |   170 |    18 |       |       ||   208
       Tower shield      |       |       |       |   667 |  1630 |  1560 ||  3857

Table legend: (Time is in decaauts)
 A = Elapsed time spent in this place.
 B = Non-inter-level travel time spent in this place.
 C = Inter-level travel time spent in this place.
 D = Time resting spent in this place.
 E = Time spent auto-exploring this place.
 F = Levels seen in this place.
 G = Mean time per level.
                   A        B        C        D        E       F      G
               +--------+--------+--------+--------+--------+-----+--------+
         Total |  42927 |  39973 |   2954 |   7684 |  20939 |  33 | 1300.8 |
       Dungeon |  20709 |  18581 |   2128 |   4276 |  10000 |  15 | 1380.6 |
          Lair |   8864 |   8409 |    455 |   1135 |   5549 |   6 | 1477.3 |
         Swamp |   3193 |   3113 |     80 |    251 |   1752 |   4 |  798.2 |
   Spider Nest |   7046 |   6815 |    231 |   1769 |   2156 |   4 | 1761.5 |
  Orcish Mines |   1643 |   1585 |     58 |    170 |    708 |   2 |  821.5 |
      Ice Cave |    766 |    766 |      0 |     55 |    498 |   1 |  766.0 |
       Volcano |    703 |    703 |      0 |     26 |    274 |   1 |  703.0 |
               +--------+--------+--------+--------+--------+-----+--------+

Top non-repeatable levels by time:
     D:7: 2842 daAuts
     D:8: 2833 daAuts
Spider:1: 2434 daAuts
Spider:4: 1989 daAuts
     D:6: 1928 daAuts
    D:10: 1882 daAuts
  Lair:4: 1812 daAuts
     D:9: 1729 daAuts
Spider:2: 1671 daAuts
  Lair:6: 1655 daAuts
  Lair:3: 1596 daAuts
  Lair:5: 1549 daAuts
    D:12: 1307 daAuts
     D:3: 1191 daAuts
  Lair:1: 1134 daAuts

Table legend:
 A = Kills in this place as a percentage of kills in entire the game.
 B = Kills by you in this place as a percentage of kills by you in the entire game.
 C = Kills by friends in this place as a percentage of kills by friends in the entire game.
 D = Other kills in this place as a percentage of other kills in the entire game.
 E = Experience gained in this place as a percentage of experience gained in the entire game.
 F = Experience gained in this place divided by the number of levels of this place that you have seen.
                   A       B       C       D       E      F
               +-------+-------+-------+-------+-------+----------------------
         Total | 100.0 | 100.0 | 100.0 | 100.0 | 100.0 | 8794.2
       Dungeon |  34.2 |  34.7 |   0.0 |  33.3 |  18.6 | 3597.9
          Lair |  15.6 |  15.8 |   6.7 |   0.0 |  17.1 | 8282.7
         Swamp |  11.7 |  11.1 |  40.0 |  66.7 |  20.8 | 15107.5
   Spider Nest |  22.1 |  22.5 |   0.0 |   0.0 |  32.3 | 23429.2
  Orcish Mines |  10.0 |  10.2 |   0.0 |   0.0 |   6.0 | 8775.5
      Ice Cave |   5.1 |   4.4 |  53.3 |   0.0 |   3.8 | 10883.0
       Volcano |   1.4 |   1.4 |   0.0 |   0.0 |   1.4 | 3961.0
               +-------+-------+-------+-------+-------+----------------------
